 Seeded DCSS version 0.30.1-11-g7821555f0a (webtiles) character file.

Game seed: 4938649550879516706 (custom seed)

987 bwicke the Covert (level 8, -3/56 HPs)
             Began as a Djinni Delver on Dec 18, 2023.
             Slain by an ice beast (10 damage)
             ... on level 5 of the Dungeon.
             The game lasted 00:25:04 (4310 turns).

bwicke the Covert (Djinni Delver)                   Turns: 4310, Time: 00:25:04

Health: -3/56      AC:  4    Str: 11    XL:     8   Next: 41%
Gold:   101        EV: 12    Int: 14    God:
                   SH:  5    Dex: 15

rFire   + + .        r - +0 dagger (elec)
rCold   x . .        (no shield)
rNeg    . . .        b - +0 leather armour
rPois   ∞            q - +0 helmet
rElec   +            (no cloak)
rCorr   .            (no gloves)
SInv    .            (boots unavailable)
Will    .....        u - amulet of Tomorrow {Reflect rElec Regen+ SH+5}
Stlth   ++++         (no ring)
HPRegen 1.09/turn    (no ring)
MPRegen 0.00/turn

%: reflection, infuse magic (-4 HP)
@: flying, very slightly contaminated, studying Stealth
A: sickness immunity, fire resistance 2, cold vulnerability 1, float, innate
caster, HP casting, extra vitality 1
a: no special abilities


You were on level 5 of the Dungeon.
You visited 1 branch of the dungeon, and saw 5 of its levels.

You collected 207 gold pieces.
You spent 106 gold pieces at shops.

Inventory:

Hand Weapons
 a - a +0 spear
 i - a +0 war axe
 k - a +0 dagger
 p - a +0 sling
 r - a +0 dagger of electrocution (weapon)
 v - a +0 hand axe
 w - a +2 dagger of speed
 y - a +0 dagger of freezing
 C - a +0 spear
 D - a +1 dagger of venom
 E - a +0 vampiric hand axe
 F - a +0 quarterstaff
 G - a +3 dagger
Missiles
 o - 8 boomerangs
Armour
 b - a +0 leather armour (worn)
 q - a +0 helmet (worn)
 I - the +0 ring mail of Responsibility {Contam rElec Dex-3 Slay+6}
   (You found it on level 5 of the Dungeon)

   Dex:       It affects your dexterity (-3).
   Slay:      It affects your accuracy & damage with ranged weapons and melee
   (+6).
   rElec:     It insulates you from electricity.
   Contam:    It causes magical contamination when unequipped.
Magical Staves
 B - a staff of death
Jewellery
 h - the amulet of Resiuri {Spirit rC++}
   (You found it on level 5 of the Dungeon)

   [amulet of guardian spirit]

   It causes incoming damage to be divided between your reserves of health and
   magic.
   rC:        It greatly protects you from cold.
 u - the amulet of Tomorrow (around neck) {Reflect rElec Regen+ SH+5}
   (You acquired it on level 2 of the Dungeon)

   [amulet of reflection]

   It reflects blocked missile attacks.
   rElec:     It insulates you from electricity.
   Regen:     It increases your rate of health regeneration.
   SH:        It affects your SH (+5).
Wands
 g - a wand of digging (3)
 s - a wand of flame (7)
 z - a wand of iceblast (20)
Scrolls
 c - a scroll of vulnerability
 d - a scroll of magic mapping
 e - 2 scrolls of blinking
 A - a scroll of torment
 K - a scroll of noise {unknown}
 L - a scroll of immolation {unknown}
Potions
 f - 3 potions of haste
 j - 2 potions of brilliance
 l - 2 potions of curing
 m - 3 potions of heal wounds
 n - a potion of lignification {unknown}
 t - a potion of invisibility {unknown}
 x - a potion of might {unknown}
 H - 2 potions of flight {unknown}
 J - a potion of degeneration {unknown}
 M - a potion of magic {unknown}


   Skills:
 - Level 3.0 Fighting
 - Level 1.5 Polearms
 - Level 2.1 Dodging
 - Level 9.5 Stealth
 + Level 4.0 Spellcasting


You knew the following spells:

 Your Spells              Type           Power      Damage    Failure   Level
a - Summon Small Mammal   Summ           56%        N/A       4%          1
b - Passwall              Tmut/Erth      11%        N/A       7%          2
c - Mephitic Cloud        Conj/Pois/Air  14%        N/A       14%         3
Your spell library was empty.

Dungeon Overview and Level Annotations

Branches:
Dungeon (5/15)
 Temple: D:4-7

Altars:
Dithmenos
Qazlal
Zin
The Shining One

Shops:
D:4 [   D:5 ?=((!

Annotations:
D:3 3 runed translucent doors, whendricso's ghost, amateur DjHW


Innate Abilities, Weirdness & Mutations

You are immune to sickness and miasma.
You are immune to poison.
Your flesh is very heat resistant. (rF++)
You are vulnerable to cold. (rC-)
You float through the air rather than walking.
You learn spells naturally, not from books.
Your magical power is your life essence.
You have superior vitality. (+4 MHP)


Message History

The ice beast is lightly wounded.
The ice beast barely misses you.
You hit the ice beast.
The ice beast is lightly wounded.
The ice beast hits you but does no damage.
You barely miss the ice beast.
The ice beast is lightly wounded.
The ice beast hits you. The ice beast freezes you!
You feel a terrible chill!
You closely miss the ice beast.
The ice beast is lightly wounded.
The ice beast hits you. The ice beast freezes you!
You feel a terrible chill!
You hit the ice beast but do no damage.
Lightning courses through the ice beast!!
The ice beast is severely wounded.
The ice beast hits you but does no damage.
You hit the ice beast but do no damage.
The ice beast is severely wounded.
The ice beast hits you. The ice beast freezes you!
You feel a terrible chill!
You hit the ice beast but do no damage.
The ice beast is severely wounded.
The ice beast hits you. The ice beast freezes you!!
You feel a terrible chill!
* * * LOW HITPOINT WARNING * * *
You hit the ice beast but do no damage.
The ice beast is severely wounded.
The ice beast closely misses you.
Aiming: Throw Flame
Press: ? - help, Shift-Dir - straight line, f/p - ice beast
Aim: an ice beast (severely wounded, 68% to hit)
The puff of flame hits the ice beast but does no damage.
The ice beast is severely wounded.
The ice beast hits you but does no damage.
Aiming: Throw Flame
Press: ? - help, Shift-Dir - straight line, f/p - ice beast
Aim: an ice beast (severely wounded, 68% to hit)
The puff of flame hits the ice beast.
The ice beast melts!
The ice beast is almost dead.
The ice beast hits you.
* * * LOW HITPOINT WARNING * * *
The ice beast freezes you!
You feel a terrible chill!
You die...

......).....#................#...
....#.)...###..........#'#...#...
....#.....# #......#####.#####...
....#.....# #.....##.........##..
....#.....# #.#####..#######..###
...........##.###_..###_._###.._#
###.#########...###..##...##..###
#.# #####.##.........## # #.#
#..@Y.####...#### # #.#
######.##....###_## # #.#
#.......#....# ### # #.#
#.####..........!<.. # #.# #.#
##...#+####.### # #.# #.# ##### .
#.# #.# #.# #.# #.#####.#


You could see an ice beast.

Vanquished Creatures
  A black bear (D:4)
  2 phantoms (D:5)
  A scorpion (D:5)
  2 howler monkeys (D:5)
  4 orc priests
  3 hounds (D:5)
  Ijyb (D:3)
  2 iguanas
  4 orc wizards
  3 gnolls (D:5)
  3 adders
  A shadow imp (D:5)
  A white imp (D:5)
  An ufetubus (D:4)
  A worm (D:2)
  2 dart slugs
  21 orcs
  4 ball pythons
  6 bats
  3 endoplasms
  3 giant cockroaches
  6 goblins
  7 hobgoblins
  4 jackals (D:2)
  7 kobolds
  2 quokkas
  5 frilled lizards
  4 rats (D:1)
104 creatures vanquished.

Vanquished Creatures (collateral kills)
  An orc priest (D:3)
  An adder (D:2)
  2 orcs (D:3)
  An endoplasm (D:2)
  A giant cockroach (D:1)
  2 ball pythons
  A frilled lizard (D:1)
  A kobold (D:2)
10 creatures vanquished.

Grand Total: 114 creatures vanquished

Notes
Turn   | Place    | Note
-------+----------+-------------------------------------------
     0 | D:5      | bwicke the Djinni Delver began the quest for the Orb.
     0 | D:5      | Reached XP level 1. HP: 20/20 MP: 0/0
    18 | D:5      | Identified the amulet of Resiuri {Spirit rC++}
    55 | D:5      | Found Guotzare's Jewellery Shop.
    76 | D:5      | Reached skill level 1 in Spellcasting
    76 | D:5      | Reached XP level 2. HP: 24/25 MP: 0/0
   139 | D:4      | Found Ullemm's Armour Shop.
   185 | D:4      | HP: 1/25 [ufetubus (4)]
   331 | D:4      | Noticed a black bear
   415 | D:3      | Reached XP level 3. HP: 30/30 MP: 0/0
   415 | D:3      | Learned a level 1 spell: Summon Small Mammal
   794 | D:1      | Reached XP level 4. HP: 35/35 MP: 0/0
  1701 | D:2      | Identified 2 scrolls of acquirement
  1701 | D:2      | Acquired the amulet of Tomorrow {Reflect rElec Regen+ SH+5}
  1748 | D:2      | Reached XP level 5. HP: 29/40 MP: 0/0
  1748 | D:2      | Learned a level 2 spell: Passwall
  2334 | D:3      | Found a runed translucent gate.
  2334 | D:3      | Found a runed translucent gate.
  2431 | D:3      | Noticed Ijyb
  2470 | D:3      | Killed Ijyb
  2471 | D:3      | Reached skill level 5 in Stealth
  2614 | D:3      | Reached XP level 6. HP: 46/46 MP: 0/0
  2677 | D:3      | Found a runed translucent gate.
  2943 | D:3      | Noticed whendricso's ghost (amateur DjHW)
  3186 | D:4      | Acquired a manual of Stealth
  3225 | D:4      | Reached skill level 6 in Stealth
  3276 | D:4      | Killed a black bear
  3277 | D:4      | Reached skill level 7 in Stealth
  3277 | D:4      | Reached XP level 7. HP: 50/50 MP: 0/0
  3277 | D:4      | Learned a level 3 spell: Mephitic Cloud
  3399 | D:4      | Found a shadowy altar of Dithmenos.
  3541 | D:4      | Reached skill level 8 in Stealth
  3666 | D:5      | Found Saco's Magic Scroll Shoppe.
  3691 | D:5      | Bought a scroll of identify for 28 gold pieces
  3691 | D:5      | Bought a scroll of identify for 28 gold pieces
  3805 | D:5      | Identified the +0 ring mail of Responsibility {Contam rElec
                  | Dex-3 Slay+6}
  3809 | D:5      | Found Maloem's Weapon Emporium.
  3862 | D:5      | Reached skill level 9 in Stealth
  3878 | D:5      | Reached XP level 8. HP: 12/56 MP: 0/0
  3950 | D:5      | Found Eguhuced's Distillery.
  3957 | D:5      | Bought a potion of heal wounds for 50 gold pieces
  3984 | D:5      | Found Ifynwy Fumoph's Antique Weapon Shop.
  4071 | D:5      | Found a faded altar of an unknown god.
  4078 | D:5      | Found a faded altar of an unknown god.
  4083 | D:5      | Found a glowing golden altar of the Shining One.
  4084 | D:5      | Found a stormy altar of Qazlal.
  4136 | D:5      | Found a glowing silver altar of Zin.
  4310 | D:5      | Slain by an ice beast

Illustrated notes

Levels and vault maps discovered:
D:1:      minmay_arrival_shattered_statue, layout_loops_ring,
          chequers_serial_rivers_micro_b, minmay_tetromino_s4
D:2:      layout_basic, kennysheep_cross_room
D:3:      layout_loops_ring, gammafunk_ghost_icy, uniq_ijyb
D:4:      layout_rooms, mainiacjoe_overflow_six_doors_small, serial_shops,
          nicolae_shop_behind_doors, grunt_decor_mini_mirrors
D:5:      layout_basic, chequers_temple_overflow_minitemple, zin_scriptorium,
          serial_shops, nicolae_shop_peninsula, shop, shop, shop,
          shop_fountains, kennysheep_generic_room_15

Skill      XL: |  1  2  3  4  5  6  7  8 |
---------------+-------------------------+-----
Spellcasting   | 1 2 4 |  4.0
Stealth        | 5 7 9 |  9.5
Fighting       | |  3.0
Polearms       | |  1.5
Dodging        | |  2.1

Action                     |  1- 3 |  4- 6 |  7- 9 || total
---------------------------+-------+-------+-------++-------
  Melee: Spear             |   103 |    53 |       ||   156
         Punch             |     1 |     2 |       ||     3
         Dagger            |       |   119 |   165 ||   284
  Throw: Boomerang         |       |     1 |       ||     1
   Cast: Summon Small Mamm |     8 |    33 |     6 ||    47
         Mephitic Cloud    |       |       |    14 ||    14
  Evoke: Wand              |       |     6 |     6 ||    12
    Use: Scroll            |     2 |     2 |     5 ||     9
   Stab: Sleeping          |     7 |    13 |     1 ||    21
         Confused          |       |       |     7 ||     7
         Distracted        |       |       |     2 ||     2
 Armour: Leather armour    |    35 |    30 |    27 ||    92
  Dodge: Dodged            |    99 |    82 |    75 ||   256
  Block: Other             |       |    14 |    34 ||    48
